Flames vs Blues

Created - 9 décembre 2020 at 21:22

Goals
1 2 3 T
Flames 0 1 1 2
Blues 1 4 1 6
Shots
1 2 3 T
Flames 7 12 16 35
Blues 15 19 9 43

1st period

1. Blues , Christian Dvorak 5 (Mikko Rantanen 14, Jack Eichel 18) at 6:10 (PP)

Penalties :
Marc Staal (CGY) for Holding Stick (Minor) at 4:55

2nd period

2. Blues , Anthony Mantha 7 (Sean Couturier 9, Seth Jones 12) at 1:38
3. Flames , Jared Spurgeon 5 (Charlie Coyle 5, John Tavares 15) at 2:20
4. Blues , Jack Eichel 9 (Christian Dvorak 11, Colin Miller 4) at 16:23 (PP)
5. Blues , Andrew Copp 2 (Seth Jones 13) at 16:38
6. Blues , Sean Couturier 9 (Anthony Mantha 3, P.K. Subban 8) at 17:53

Penalties :
Ryan Pulock (STL) for Hooking (Minor) at 9:28, Esa Lindell (CGY) for Delaying the game (Minor) at 14:43

3rd period

7. Blues , Andrew Copp 3 (Sean Couturier 10, Josh Bailey 9) at 4:38
8. Flames , Brandon Tanev 3 (Taylor Hall 2, Brayden McNabb 4) at 5:27

Penalties :
Alec Martinez (CGY) for Hooking (Minor) at 2:34, Taylor Hall (CGY) for Hooking (Minor) at 7:44

Goalie Stats

Curtis McElhinney (CGY), 37 saves from 43 shots - (0,860), L, 0-1-0, 60:00 minutes
Carter Hart (STL), 33 saves from 35 shots - (0,943), W, 12-7-2, 60:00 minutes

Players Stats for Flames

Player Name              G  A  P  +/- PIM S  H  SB GA TA FO     MP     PP MP  PK MP  
------------------------------------------------------------------------------------
Alec Martinez            0  0  0  -1  2   0  1  1  0  0  0/0    10:21   0:00   0:06 
Ben Chiarot              0  0  0  -1  0   1  2  1  0  0  0/0    19:56   1:16   3:08 
Blake Wheeler            0  0  0   0  0   2  1  0  0  0  15/31  20:14   0:47   3:21 
Brady Tkachuk            0  0  0   0  0   1  2  0  0  0  1/1    16:18   0:00   0:12 
Brandon Tanev            1  0  1   0  0   4  2  0  0  0  0/0    14:55   0:00   3:32 
Brayden McNabb           0  1  1  -1  0   0  2  0  0  0  0/0    18:40   0:00   3:08 
Charlie Coyle            0  1  1   1  0   5  2  0  0  0  5/5    21:24   0:47   2:39 
Esa Lindell              0  0  0   1  2   2  1  0  0  0  0/0    24:24   0:43   2:19 
Ethan Bear               0  0  0  -1  0   0  0  1  0  0  0/0     5:57   1:16   0:44 
Jared Spurgeon           1  0  1   1  0   3  3  0  0  0  0/0    25:45   0:43   3:39 
John Tavares             0  1  1   1  0   3  1  0  0  0  14/23  19:10   1:12   0:00 
Marc Staal               0  0  0  -2  2   0  3  2  0  0  0/0    14:54   0:00   0:42 
Matthew Peca             0  0  0  -3  0   2  0  0  0  0  0/0     5:41   0:00   0:00 
Pavel Zacha              0  0  0   0  0   2  3  1  0  0  11/29  15:25   0:00   4:02 
Sean Kuraly              0  0  0  -3  0   1  0  0  0  0  6/15    5:41   0:00   0:00 
Taylor Hall              0  1  1   0  2   0  0  0  0  0  0/3    12:34   1:12   0:00 
Tom Wilson               0  0  0  -3  0   5  5  0  0  0  0/4    22:59   1:12   0:00 
Zach Parise              0  0  0   1  0   4  0  0  0  0  0/2    18:45   0:47   0:00 

Players Stats for Blues

Player Name              G  A  P  +/- PIM S  H  SB GA TA FO     MP     PP MP  PK MP  
------------------------------------------------------------------------------------
Andrew Copp              2  0  2   2  0   2  0  0  0  0  2/5     6:17   1:30   1:27 
Anthony Mantha           1  1  2   0  0   5  4  0  0  0  1/2    18:52   3:35   0:00 
Christian Dvorak         1  1  2   0  0   3  1  0  0  0  8/21   17:46   3:18   0:00 
Colin Miller             0  1  1  -2  0   0  1  0  0  0  0/0    18:47   2:46   0:59 
Dougie Hamilton          0  0  0   0  0   1  1  1  0  0  0/0    12:38   0:32   0:30 
Jack Eichel              1  1  2   0  0   7  0  0  0  0  21/38  21:29   3:18   0:00 
Johnny Gaudreau          0  0  0   0  0   1  0  0  0  0  1/1    16:51   2:23   0:00 
Jordan Staal             0  0  0   0  0   2  2  0  0  0  2/6    15:36   0:00   1:08 
Josh Bailey              0  1  1   0  0   2  0  0  0  0  1/2    20:16   2:05   0:00 
MacKenzie Weegar         0  0  0  -2  0   1  0  3  0  0  0/0    15:20   0:47   0:00 
Martin Necas             0  0  0   0  0   2  2  0  0  0  0/1    15:17   0:00   0:00 
Michael Chaput           0  0  0   2  0   1  0  0  0  0  1/1     3:44   0:00   0:32 
Mikko Rantanen           0  1  1   0  0   3  1  0  0  0  1/2    21:29   3:18   0:00 
P.K. Subban              0  1  1   4  0   2  2  0  0  0  0/0    18:13   0:00   1:13 
Ryan Pulock              0  0  0   1  2   0  2  1  0  0  0/0    23:59   3:43   0:00 
Sean Couturier           1  2  3   0  0   10 2  0  0  0  23/33  19:11   3:35   0:19 
Seth Jones               0  2  2   3  0   1  0  2  0  0  0/0    28:31   3:35   1:16 
Trevor Lewis             0  0  0   2  0   0  1  0  0  0  0/1     3:44   0:00   0:32 

3 Stars

1 - Andrew Copp (STL)
2 - Sean Couturier (STL)
3 - Anthony Mantha (STL)

Power Play

Flames - 0 on 1 Attempt(s) - 0,00%
Blues - 2 on 4 Attempt(s) - 50,00%

Penalty Kill

Flames - 2 on 4 Attempt(s) - 50,00% - Score 0 goal in Penalty Kill
Blues - 1 on 1 Attempt(s) - 100,00% - Score 0 goal in Penalty Kill

Team Stat

Flames - Hits : 28 - Faceoff Wins : 52 - Blocked Shots : 6 - Penalty Minutes : 8
Blues - Hits : 19 - Faceoff Wins : 61 - Blocked Shots : 7 - Penalty Minutes : 2

Official

Referees : Jon McIsaac and Brett Roeland
Linesman : Steven Berry and Trent Knorr

Game Notes

Dougie Hamilton is injured at 10:42 of 2nd period (Bruised Right Leg)

Finance

Level 1 -- Attendance: 6091 (93,71%) -- Ticket Income 670 010 $
Level 2 -- Attendance: 4557 (91,14%) -- Ticket Income 341 775 $
Level 3 -- Attendance: 3174 (90,69%) -- Ticket Income 174 570 $
Level 4 -- Attendance: 1562 (100,00%) -- Ticket Income 60 918 $
Luxury Box -- Attendance: 973 (97,30%) -- Ticket Income 193 627 $
Game was played at the Scottrade Center.
Total Attendance: 16357 (93,14%)
Total Ticket Income: 1 440 900 $
Other Income: 706 041 $
Total Income: 2 146 941 $

% Time on Ice - Flames

Lines # - Real PCT - Wanted PCT - Time Play
Normal Forward
1 - 31% - 32% - 16:06
2 - 35% - 32% - 17:58
3 - 22% - 22% - 11:23
4 - 11% - 14% - 5:41
Normal Defense
1 - 42% - 40% - 21:23
2 - 30% - 30% - 15:32
3 - 20% - 20% - 10:16
4 - 8% - 10% - 3:57
PP Forward
1 - 39% - 60% - 0:47
2 - 61% - 40% - 1:12
PP Defense
1 - 36% - 60% - 0:43
2 - 64% - 40% - 1:16
PK Forward
1 - 66% - 60% - 4:34
2 - 34% - 40% - 2:19
PK Defense
1 - 54% - 50% - 3:45
2 - 46% - 50% - 3:08
PK3 Forward
1 - 0% - 60%
2 - 0% - 40%
PK3 Defense
1 - 0% - 60%
2 - 0% - 40%
44 Forward
1 - 0% - 60%
2 - 0% - 40%
44 Defense
1 - 0% - 60%
2 - 0% - 40%
Last Minute Offensive  - 0:00
Last Minute Defensive  - 0:00
Total
Forward - 60:00
Defense - 60:00

% Time on Ice - Blues

Lines # - Real PCT - Wanted PCT - Time Play
Normal Forward
1 - 36% - 36% - 18:11
2 - 28% - 29% - 14:28
3 - 30% - 29% - 15:17
4 - 6% - 6% - 3:12
Normal Defense
1 - 27% - 38% - 13:37
2 - 40% - 38% - 20:17
3 - 25% - 17% - 13:00
4 - 8% - 7% - 4:14
PP Forward
1 - 48% - 50% - 3:18
2 - 52% - 50% - 3:35
PP Defense
1 - 65% - 50% - 4:30
2 - 35% - 50% - 2:23
PK Forward
1 - 73% - 60% - 1:27
2 - 27% - 40% - 0:32
PK Defense
1 - 50% - 60% - 1:00
2 - 50% - 40% - 0:59
PK3 Forward
1 - 0% - 60%
2 - 0% - 40%
PK3 Defense
1 - 0% - 60%
2 - 0% - 40%
44 Forward
1 - 0% - 50%
2 - 0% - 50%
44 Defense
1 - 0% - 50%
2 - 0% - 50%
Last Minute Offensive  - 0:00
Last Minute Defensive  - 0:00
Total
Forward - 60:00
Defense - 60:00

Play-by-Play

1st period


0:01 of 1st period - Blake Wheeler wins face-off versus Jack Eichel in neutral zone.
0:10 of 1st period - Shot by Brady Tkachuk.
0:10 of 1st period - Stopped by Carter Hart without a rebound.
0:11 of 1st period - Jordan Staal wins face-off versus John Tavares in Blues zone.
0:24 of 1st period - Shot by Charlie Coyle.
0:24 of 1st period - Shot Misses the Net.
0:32 of 1st period - Shot by Christian Dvorak.
0:32 of 1st period - Deflect By Johnny Gaudreau.
0:32 of 1st period - Shot Misses the Net.
1:11 of 1st period - Icing by Jared Spurgeon.
1:12 of 1st period - Sean Couturier wins face-off versus Pavel Zacha in Flames zone.
1:31 of 1st period - Pavel Zacha is hit by Sean Couturier and loses puck.
1:38 of 1st period - Shot by Jared Spurgeon.
1:38 of 1st period - Shot Misses the Net.
1:40 of 1st period - Shot by Esa Lindell.
1:40 of 1st period - Stopped by Carter Hart without a rebound.
1:41 of 1st period - Jack Eichel wins face-off versus Blake Wheeler in Blues zone.
1:43 of 1st period - Mikko Rantanen is hit by Tom Wilson and loses puck.
2:12 of 1st period - Shot by Jack Eichel.
2:12 of 1st period - Shot Misses the Net.
2:14 of 1st period - Shot by MacKenzie Weegar.
2:14 of 1st period - Shot Hit the Post.
2:16 of 1st period - Shot by MacKenzie Weegar.
2:16 of 1st period - Shot Misses the Net.
2:18 of 1st period - Shot by Jack Eichel.
2:18 of 1st period - Deflect By Mikko Rantanen.
2:18 of 1st period - Shot Misses the Net.
2:20 of 1st period - Shot by Jack Eichel.
2:20 of 1st period - Shot Misses the Net.
2:22 of 1st period - Shot by Jack Eichel.
2:22 of 1st period - Shot Blocked by Marc Staal.
3:17 of 1st period - Jared Spurgeon is hit by Trevor Lewis and loses puck.
3:25 of 1st period - Off-side.
3:26 of 1st period - Sean Couturier wins face-off versus Pavel Zacha in neutral zone.
3:28 of 1st period - Off-side.
3:29 of 1st period - Sean Couturier wins face-off versus Pavel Zacha in neutral zone.
3:45 of 1st period - Shot by Brandon Tanev.
3:45 of 1st period - Stopped by Carter Hart with a rebound.
3:51 of 1st period - Shot by Pavel Zacha.
3:51 of 1st period - Stopped by Carter Hart without a rebound.
3:52 of 1st period - Jack Eichel wins face-off versus John Tavares in Blues zone.
4:06 of 1st period - Shot by Zach Parise.
4:06 of 1st period - Stopped by Carter Hart without a rebound.
4:07 of 1st period - Sean Kuraly wins face-off versus Christian Dvorak in Blues zone.
4:39 of 1st period - Shot by Sean Kuraly.
4:39 of 1st period - Deflect By Tom Wilson.
4:39 of 1st period - Stopped by Carter Hart without a rebound.
4:40 of 1st period - Jack Eichel wins face-off versus Pavel Zacha in Blues zone.
4:40 of 1st period - Jack Eichel is hit by Brandon Tanev.
4:45 of 1st period - Jack Eichel is hit by Marc Staal and loses puck.
4:49 of 1st period - Josh Bailey is hit by Marc Staal and loses puck.
4:55 of 1st period - Minor Penalty to Marc Staal for Holding Stick.
4:56 of 1st period - Sean Couturier wins face-off versus Pavel Zacha in Flames zone.
5:07 of 1st period - Shot by Sean Couturier.
5:07 of 1st period - Shot Misses the Net.
5:27 of 1st period - Shot by Sean Couturier.
5:27 of 1st period - Stopped by Curtis McElhinney without a rebound.
5:28 of 1st period - Jack Eichel wins face-off versus Pavel Zacha in Flames zone.
5:32 of 1st period - Shot by Seth Jones.
5:32 of 1st period - Shot Misses the Net.
5:34 of 1st period - Shot by Seth Jones.
5:34 of 1st period - Stopped by Curtis McElhinney without a rebound.
5:35 of 1st period - Mikko Rantanen wins face-off versus Pavel Zacha in Flames zone.
5:35 of 1st period - Mikko Rantanen is hit by Brayden McNabb.
5:46 of 1st period - Icing by Christian Dvorak.
5:47 of 1st period - Pavel Zacha wins face-off versus Jack Eichel in Blues zone.
6:10 of 1st period - Shot by Christian Dvorak.
6:10 of 1st period - Goal by Christian Dvorak - Flames : 0 - Blues : 1.
6:11 of 1st period - Sean Kuraly wins face-off versus Sean Couturier in neutral zone.
6:11 of 1st period - Tom Wilson is hit by Martin Necas and loses puck.
6:18 of 1st period - Shot by Anthony Mantha.
6:18 of 1st period - Deflect By Sean Couturier.
6:18 of 1st period - Stopped by Curtis McElhinney without a rebound.
6:19 of 1st period - Sean Couturier wins face-off versus Blake Wheeler in Flames zone.
6:28 of 1st period - Shot by Anthony Mantha.
6:28 of 1st period - Stopped by Curtis McElhinney without a rebound.
6:29 of 1st period - John Tavares wins face-off versus Josh Bailey in Flames zone.
7:17 of 1st period - Icing by Seth Jones.
7:18 of 1st period - Jack Eichel wins face-off versus Blake Wheeler in Blues zone.
7:30 of 1st period - Off-side.
7:31 of 1st period - Sean Couturier wins face-off versus Taylor Hall in neutral zone.
7:31 of 1st period - Sean Couturier is hit by Brandon Tanev.
8:11 of 1st period - Shot by Sean Couturier.
8:11 of 1st period - Stopped by Curtis McElhinney without a rebound.
8:12 of 1st period - Johnny Gaudreau wins face-off versus Blake Wheeler in Flames zone.
8:13 of 1st period - Shot by Jordan Staal.
8:13 of 1st period - Stopped by Curtis McElhinney without a rebound.
8:14 of 1st period - Blake Wheeler wins face-off versus Christian Dvorak in Flames zone.
8:38 of 1st period - Shot by Christian Dvorak.
8:38 of 1st period - Stopped by Curtis McElhinney without a rebound.
8:39 of 1st period - Jack Eichel wins face-off versus John Tavares in Flames zone.
8:50 of 1st period - Shot by Charlie Coyle.
8:50 of 1st period - Shot Misses the Net.
9:09 of 1st period - Shot by Jack Eichel.
9:09 of 1st period - Shot Hit the Post.
9:11 of 1st period - Shot by Ryan Pulock.
9:11 of 1st period - Shot Misses the Net.
9:15 of 1st period - Shot by Jack Eichel.
9:15 of 1st period - Deflect By Mikko Rantanen.
9:15 of 1st period - Stopped by Curtis McElhinney without a rebound.
9:16 of 1st period - Brady Tkachuk wins face-off versus Martin Necas in Flames zone.
9:16 of 1st period - Brady Tkachuk is hit by Anthony Mantha.
9:25 of 1st period - Icing by P.K. Subban.
9:26 of 1st period - Sean Couturier wins face-off versus Sean Kuraly in Blues zone.
9:51 of 1st period - Shot by Anthony Mantha.
9:51 of 1st period - Stopped by Curtis McElhinney with a rebound.
9:53 of 1st period - Shot by Sean Couturier.
9:53 of 1st period - Stopped by Curtis McElhinney without a rebound.
9:54 of 1st period - Christian Dvorak wins face-off versus Pavel Zacha in Flames zone.
10:08 of 1st period - Icing by Brayden McNabb.
10:09 of 1st period - Pavel Zacha wins face-off versus Jack Eichel in Flames zone.
11:03 of 1st period - Icing by Dougie Hamilton.
11:04 of 1st period - John Tavares wins face-off versus Christian Dvorak in Blues zone.
11:29 of 1st period - Shot by Christian Dvorak.
11:29 of 1st period - Stopped by Curtis McElhinney without a rebound.
11:30 of 1st period - Sean Couturier wins face-off versus Blake Wheeler in Flames zone.
11:35 of 1st period - Shot by Anthony Mantha.
11:35 of 1st period - Shot Misses the Net.
11:37 of 1st period - Shot by Sean Couturier.
11:37 of 1st period - Stopped by Curtis McElhinney without a rebound.
11:38 of 1st period - Blake Wheeler wins face-off versus Anthony Mantha in Flames zone.
11:38 of 1st period - Blake Wheeler is hit by Anthony Mantha.
11:46 of 1st period - Anthony Mantha is hit by Tom Wilson and loses puck.
13:06 of 1st period - Shot by Johnny Gaudreau.
13:06 of 1st period - Shot Misses the Net.
13:12 of 1st period - Shot by Charlie Coyle.
13:12 of 1st period - Shot Blocked by Ryan Pulock.
13:14 of 1st period - Shot by Charlie Coyle.
13:14 of 1st period - Stopped by Carter Hart without a rebound.
13:15 of 1st period - Jack Eichel wins face-off versus Pavel Zacha in Blues zone.
13:15 of 1st period - Jack Eichel is hit by Pavel Zacha.
13:30 of 1st period - Taylor Hall is hit by Colin Miller and loses puck.
13:47 of 1st period - Colin Miller is hit by Pavel Zacha.
14:02 of 1st period - Icing by MacKenzie Weegar.
14:03 of 1st period - Jack Eichel wins face-off versus Sean Kuraly in Blues zone.
14:03 of 1st period - Jack Eichel is hit by Tom Wilson.
15:08 of 1st period - Shot by Anthony Mantha.
15:08 of 1st period - Shot Misses the Net.
15:45 of 1st period - Off-side.
15:46 of 1st period - Christian Dvorak wins face-off versus Pavel Zacha in neutral zone.
17:31 of 1st period - Off-side.
17:32 of 1st period - Charlie Coyle wins face-off versus Sean Couturier in neutral zone.
17:36 of 1st period - Icing by Colin Miller.
17:37 of 1st period - Anthony Mantha wins face-off versus John Tavares in Blues zone.
17:46 of 1st period - Shot by Anthony Mantha.
17:46 of 1st period - Deflect By Sean Couturier.
17:46 of 1st period - Shot Blocked by Ethan Bear.
18:03 of 1st period - Sean Couturier is hit by Marc Staal and loses puck.
18:15 of 1st period - Shot by MacKenzie Weegar.
18:15 of 1st period - Stopped by Curtis McElhinney without a rebound.
18:16 of 1st period - Pavel Zacha wins face-off versus Jack Eichel in Flames zone.
18:45 of 1st period - Jack Eichel is hit by Ben Chiarot and loses puck.
19:25 of 1st period - Icing by Jared Spurgeon.
19:26 of 1st period - Christian Dvorak wins face-off versus Tom Wilson in Flames zone.
19:26 of 1st period - Seth Jones is hit by Jared Spurgeon and loses puck.
19:31 of 1st period - Shot by Jordan Staal.
19:31 of 1st period - Stopped by Curtis McElhinney without a rebound.
19:32 of 1st period - Blake Wheeler wins face-off versus Jordan Staal in Flames zone.
19:48 of 1st period - Shot by Brady Tkachuk.
19:48 of 1st period - Shot Misses the Net.
Goals for this period are 0 for Flames vs 1 for Blues.
Shots for this period are 7 for Flames vs 15 for Blues.

2nd period


0:01 of 2nd period - Sean Couturier wins face-off versus Sean Kuraly in neutral zone.
0:06 of 2nd period - Shot by Sean Couturier.
0:06 of 2nd period - Stopped by Curtis McElhinney without a rebound.
0:07 of 2nd period - Jack Eichel wins face-off versus Tom Wilson in Flames zone.
0:28 of 2nd period - Shot by Jack Eichel.
0:28 of 2nd period - Stopped by Curtis McElhinney without a rebound.
0:29 of 2nd period - Sean Couturier wins face-off versus John Tavares in Flames zone.
0:30 of 2nd period - Shot by Dougie Hamilton.
0:30 of 2nd period - Stopped by Curtis McElhinney without a rebound.
0:31 of 2nd period - John Tavares wins face-off versus Christian Dvorak in Flames zone.
0:58 of 2nd period - Ryan Pulock is hit by Charlie Coyle and loses puck.
1:20 of 2nd period - Icing by Dougie Hamilton.
1:21 of 2nd period - Christian Dvorak wins face-off versus Sean Kuraly in Blues zone.
1:28 of 2nd period - Icing by Sean Kuraly.
1:29 of 2nd period - Sean Couturier wins face-off versus Sean Kuraly in Flames zone.
1:38 of 2nd period - Shot by Anthony Mantha.
1:38 of 2nd period - Goal by Anthony Mantha - Flames : 0 - Blues : 2.
1:39 of 2nd period - Blake Wheeler wins face-off versus Jack Eichel in neutral zone.
1:51 of 2nd period - Shot by Mikko Rantanen.
1:51 of 2nd period - Shot Misses the Net.
1:59 of 2nd period - Shot by Josh Bailey.
1:59 of 2nd period - Stopped by Curtis McElhinney without a rebound.
2:00 of 2nd period - John Tavares wins face-off versus Sean Couturier in Flames zone.
2:00 of 2nd period - Esa Lindell is hit by Martin Necas and loses puck.
2:04 of 2nd period - Esa Lindell is hit by Anthony Mantha.
2:18 of 2nd period - Shot by Charlie Coyle.
2:18 of 2nd period - Shot Misses the Net.
2:20 of 2nd period - Shot by Jared Spurgeon.
2:20 of 2nd period - Goal by Jared Spurgeon - Flames : 1 - Blues : 2.
2:21 of 2nd period - Blake Wheeler wins face-off versus Jack Eichel in neutral zone.
2:37 of 2nd period - Off-side.
2:38 of 2nd period - Sean Couturier wins face-off versus Zach Parise in neutral zone.
2:41 of 2nd period - Jared Spurgeon is hit by Anthony Mantha and loses puck.
3:09 of 2nd period - Martin Necas is hit by Charlie Coyle and loses puck.
3:14 of 2nd period - Shot by Zach Parise.
3:14 of 2nd period - Shot Blocked by MacKenzie Weegar.
4:37 of 2nd period - Shot by Mikko Rantanen.
4:37 of 2nd period - Stopped by Curtis McElhinney without a rebound.
4:38 of 2nd period - John Tavares wins face-off versus Christian Dvorak in Flames zone.
4:38 of 2nd period - John Tavares is hit by Christian Dvorak.
5:15 of 2nd period - John Tavares is hit by Ryan Pulock and loses puck.
5:40 of 2nd period - Icing by Ethan Bear.
5:41 of 2nd period - Jack Eichel wins face-off versus Pavel Zacha in Flames zone.
5:42 of 2nd period - Shot by Josh Bailey.
5:42 of 2nd period - Stopped by Curtis McElhinney without a rebound.
5:43 of 2nd period - Jack Eichel wins face-off versus Sean Kuraly in Flames zone.
6:08 of 2nd period - Icing by Brayden McNabb.
6:09 of 2nd period - Andrew Copp wins face-off versus Tom Wilson in Flames zone.
6:20 of 2nd period - Shot by Matthew Peca.
6:20 of 2nd period - Stopped by Carter Hart without a rebound.
6:21 of 2nd period - Jack Eichel wins face-off versus Zach Parise in Blues zone.
6:38 of 2nd period - Shot by Jack Eichel.
6:38 of 2nd period - Stopped by Curtis McElhinney without a rebound.
6:39 of 2nd period - Pavel Zacha wins face-off versus Christian Dvorak in Flames zone.
7:19 of 2nd period - Icing by Dougie Hamilton.
7:20 of 2nd period - Blake Wheeler wins face-off versus Christian Dvorak in Blues zone.
7:29 of 2nd period - Shot by Dougie Hamilton.
7:29 of 2nd period - Shot Blocked by Alec Martinez.
7:47 of 2nd period - Shot by Jack Eichel.
7:47 of 2nd period - Stopped by Curtis McElhinney without a rebound.
7:48 of 2nd period - Sean Couturier wins face-off versus John Tavares in Flames zone.
7:57 of 2nd period - Shot by Anthony Mantha.
7:57 of 2nd period - Shot Misses the Net.
8:08 of 2nd period - Shot by Anthony Mantha.
8:08 of 2nd period - Stopped by Curtis McElhinney with a rebound.
8:22 of 2nd period - Shot by Martin Necas.
8:22 of 2nd period - Shot Misses the Net.
8:49 of 2nd period - Icing by Esa Lindell.
8:50 of 2nd period - Blake Wheeler wins face-off versus Christian Dvorak in Flames zone.
9:10 of 2nd period - Esa Lindell is hit by Dougie Hamilton and loses puck.
9:28 of 2nd period - Minor Penalty to Ryan Pulock for Hooking.
9:29 of 2nd period - John Tavares wins face-off versus Jordan Staal in Blues zone.
10:31 of 2nd period - Seth Jones is hit by Blake Wheeler and loses puck.
10:42 of 2nd period - Shot by Jared Spurgeon.
10:42 of 2nd period - Shot Blocked by Dougie Hamilton.
10:42 of 2nd period - Dougie Hamilton from Blues is injured at 10:42 of 2nd period (Bruised Right Leg).
10:43 of 2nd period - Charlie Coyle wins face-off versus Jordan Staal in Blues zone.
10:54 of 2nd period - Shot by Zach Parise.
10:54 of 2nd period - Stopped by Carter Hart without a rebound.
10:55 of 2nd period - John Tavares wins face-off versus Jordan Staal in Blues zone.
11:02 of 2nd period - Shot by Jared Spurgeon.
11:02 of 2nd period - Stopped by Carter Hart without a rebound.
11:03 of 2nd period - Jordan Staal wins face-off versus Taylor Hall in Blues zone.
11:28 of 2nd period - Shot by John Tavares.
11:28 of 2nd period - Stopped by Carter Hart without a rebound.
11:29 of 2nd period - Pavel Zacha wins face-off versus Jack Eichel in Blues zone.
11:29 of 2nd period - Jared Spurgeon is hit by Ryan Pulock and loses puck.
11:46 of 2nd period - Icing by Jared Spurgeon.
11:47 of 2nd period - Pavel Zacha wins face-off versus Sean Couturier in Flames zone.
12:16 of 2nd period - Shot by Martin Necas.
12:16 of 2nd period - Deflect By Sean Couturier.
12:16 of 2nd period - Stopped by Curtis McElhinney without a rebound.
12:17 of 2nd period - Charlie Coyle wins face-off versus Mikko Rantanen in Flames zone.
12:32 of 2nd period - Shot by Jack Eichel.
12:32 of 2nd period - Shot Misses the Net.
13:18 of 2nd period - Shot by Tom Wilson.
13:18 of 2nd period - Deflect By Blake Wheeler.
13:18 of 2nd period - Stopped by Carter Hart without a rebound.
13:19 of 2nd period - Blake Wheeler wins face-off versus Sean Couturier in Blues zone.
13:22 of 2nd period - Shot by Tom Wilson.
13:22 of 2nd period - Stopped by Carter Hart without a rebound.
13:23 of 2nd period - Sean Couturier wins face-off versus Blake Wheeler in Blues zone.
13:57 of 2nd period - Anthony Mantha is hit by Tom Wilson and loses puck.
14:26 of 2nd period - Shot by Christian Dvorak.
14:26 of 2nd period - Shot Blocked by Ben Chiarot.
14:32 of 2nd period - Shot by Johnny Gaudreau.
14:32 of 2nd period - Stopped by Curtis McElhinney without a rebound.
14:33 of 2nd period - Charlie Coyle wins face-off versus Jack Eichel in Flames zone.
14:43 of 2nd period - Minor Penalty to Esa Lindell for Delaying the game.
14:44 of 2nd period - Jack Eichel wins face-off versus Pavel Zacha in Flames zone.
15:13 of 2nd period - Shot by Ethan Bear.
15:13 of 2nd period - Shot Misses the Net.
15:46 of 2nd period - Johnny Gaudreau is hit by Brayden McNabb and loses puck.
16:19 of 2nd period - Shot by Colin Miller.
16:19 of 2nd period - Shot Misses the Net.
16:21 of 2nd period - Shot by Christian Dvorak.
16:21 of 2nd period - Shot Misses the Net.
16:23 of 2nd period - Shot by Jack Eichel.
16:23 of 2nd period - Goal by Jack Eichel - Flames : 1 - Blues : 3.
16:24 of 2nd period - Michael Chaput wins face-off versus Sean Kuraly in neutral zone.
16:26 of 2nd period - Off-side.
16:27 of 2nd period - Sean Kuraly wins face-off versus Andrew Copp in neutral zone.
16:38 of 2nd period - Shot by Andrew Copp.
16:38 of 2nd period - Goal by Andrew Copp - Flames : 1 - Blues : 4.
16:39 of 2nd period - John Tavares wins face-off versus Jack Eichel in neutral zone.
16:42 of 2nd period - Shot by Charlie Coyle.
16:42 of 2nd period - Stopped by Carter Hart without a rebound.
16:43 of 2nd period - Sean Kuraly wins face-off versus Christian Dvorak in Blues zone.
17:11 of 2nd period - Shot by Tom Wilson.
17:11 of 2nd period - Shot Misses the Net.
17:13 of 2nd period - Shot by Tom Wilson.
17:13 of 2nd period - Shot Blocked by Seth Jones.
17:15 of 2nd period - Shot by Matthew Peca.
17:15 of 2nd period - Stopped by Carter Hart without a rebound.
17:16 of 2nd period - Jack Eichel wins face-off versus John Tavares in Blues zone.
17:21 of 2nd period - Shot by John Tavares.
17:21 of 2nd period - Shot Misses the Net.
17:41 of 2nd period - Shot by Mikko Rantanen.
17:41 of 2nd period - Deflect By Jack Eichel.
17:41 of 2nd period - Stopped by Curtis McElhinney without a rebound.
17:42 of 2nd period - Pavel Zacha wins face-off versus Sean Couturier in Flames zone.
17:53 of 2nd period - Shot by Sean Couturier.
17:53 of 2nd period - Goal by Sean Couturier - Flames : 1 - Blues : 5.
17:54 of 2nd period - Christian Dvorak wins face-off versus Blake Wheeler in neutral zone.
18:13 of 2nd period - Shot by Tom Wilson.
18:13 of 2nd period - Stopped by Carter Hart without a rebound.
18:14 of 2nd period - John Tavares wins face-off versus Jack Eichel in Blues zone.
18:25 of 2nd period - Josh Bailey is hit by Jared Spurgeon and loses puck.
18:31 of 2nd period - Josh Bailey is hit by Jared Spurgeon and loses puck.
19:11 of 2nd period - Shot by Sean Couturier.
19:11 of 2nd period - Shot Misses the Net.
19:27 of 2nd period - Shot by Martin Necas.
19:27 of 2nd period - Stopped by Curtis McElhinney with a rebound.
19:29 of 2nd period - Shot by P.K. Subban.
19:29 of 2nd period - Stopped by Curtis McElhinney with a rebound.
19:31 of 2nd period - Shot by Sean Couturier.
19:31 of 2nd period - Stopped by Curtis McElhinney without a rebound.
19:32 of 2nd period - Christian Dvorak wins face-off versus Blake Wheeler in Flames zone.
19:32 of 2nd period - Johnny Gaudreau is hit by Ben Chiarot and loses puck.
19:46 of 2nd period - Shot by Tom Wilson.
19:46 of 2nd period - Stopped by Carter Hart without a rebound.
19:47 of 2nd period - Pavel Zacha wins face-off versus Andrew Copp in Blues zone.
19:52 of 2nd period - Shot by Brandon Tanev.
19:52 of 2nd period - Stopped by Carter Hart without a rebound.
19:53 of 2nd period - Jack Eichel wins face-off versus Blake Wheeler in Blues zone.
19:53 of 2nd period - Jack Eichel is hit by Brady Tkachuk.
Goals for this period are 1 for Flames vs 4 for Blues.
Shots for this period are 12 for Flames vs 19 for Blues.

3rd period


0:01 of 3rd period - Blake Wheeler wins face-off versus Jack Eichel in neutral zone.
0:03 of 3rd period - Esa Lindell is hit by P.K. Subban and loses puck.
0:14 of 3rd period - Shot by Tom Wilson.
0:14 of 3rd period - Shot Blocked by Seth Jones.
0:16 of 3rd period - Shot by Tom Wilson.
0:16 of 3rd period - Deflect By Blake Wheeler.
0:16 of 3rd period - Stopped by Carter Hart without a rebound.
0:17 of 3rd period - Sean Couturier wins face-off versus Pavel Zacha in Blues zone.
0:49 of 3rd period - Shot by Anthony Mantha.
0:49 of 3rd period - Stopped by Curtis McElhinney without a rebound.
0:50 of 3rd period - Blake Wheeler wins face-off versus Jack Eichel in Flames zone.
1:24 of 3rd period - Josh Bailey is hit by Esa Lindell and loses puck.
2:24 of 3rd period - Christian Dvorak is hit by John Tavares and loses puck.
2:34 of 3rd period - Minor Penalty to Alec Martinez for Hooking.
2:35 of 3rd period - Sean Couturier wins face-off versus Blake Wheeler in Flames zone.
3:04 of 3rd period - Shot by Seth Jones.
3:04 of 3rd period - Shot Blocked by Pavel Zacha.
3:36 of 3rd period - Icing by MacKenzie Weegar.
3:37 of 3rd period - Jack Eichel wins face-off versus Pavel Zacha in Blues zone.
4:32 of 3rd period - Shot by Sean Couturier.
4:32 of 3rd period - Stopped by Curtis McElhinney without a rebound.
4:33 of 3rd period - Josh Bailey wins face-off versus Pavel Zacha in Flames zone.
4:34 of 3rd period - Shot by Sean Couturier.
4:34 of 3rd period - Shot Misses the Net.
4:36 of 3rd period - Shot by Andrew Copp.
4:36 of 3rd period - Shot Blocked by Marc Staal.
4:38 of 3rd period - Shot by Andrew Copp.
4:38 of 3rd period - Goal by Andrew Copp - Flames : 1 - Blues : 6.
4:39 of 3rd period - Andrew Copp wins face-off versus Tom Wilson in neutral zone.
4:42 of 3rd period - Shot by Michael Chaput.
4:42 of 3rd period - Stopped by Curtis McElhinney without a rebound.
4:43 of 3rd period - Sean Kuraly wins face-off versus Christian Dvorak in Flames zone.
4:48 of 3rd period - Shot by Jared Spurgeon.
4:48 of 3rd period - Stopped by Carter Hart without a rebound.
4:49 of 3rd period - Sean Couturier wins face-off versus Sean Kuraly in Blues zone.
4:56 of 3rd period - Shot by Martin Necas.
4:56 of 3rd period - Stopped by Curtis McElhinney without a rebound.
4:57 of 3rd period - Blake Wheeler wins face-off versus Christian Dvorak in Flames zone.
4:59 of 3rd period - Tom Wilson is hit by Jordan Staal and loses puck.
5:03 of 3rd period - Off-side.
5:04 of 3rd period - Jack Eichel wins face-off versus Blake Wheeler in neutral zone.
5:04 of 3rd period - Seth Jones is hit by Tom Wilson and loses puck.
5:16 of 3rd period - Shot by Tom Wilson.
5:16 of 3rd period - Stopped by Carter Hart without a rebound.
5:17 of 3rd period - Sean Couturier wins face-off versus Taylor Hall in Blues zone.
5:17 of 3rd period - Sean Couturier is hit by Pavel Zacha.
5:25 of 3rd period - Shot by Brandon Tanev.
5:25 of 3rd period - Stopped by Carter Hart with a rebound.
5:27 of 3rd period - Shot by Brandon Tanev.
5:27 of 3rd period - Goal by Brandon Tanev - Flames : 2 - Blues : 6.
5:28 of 3rd period - Jack Eichel wins face-off versus Blake Wheeler in neutral zone.
5:33 of 3rd period - Shot by Mikko Rantanen.
5:33 of 3rd period - Stopped by Curtis McElhinney with a rebound.
5:45 of 3rd period - Shot by Jack Eichel.
5:45 of 3rd period - Shot Misses the Net.
5:47 of 3rd period - Shot by P.K. Subban.
5:47 of 3rd period - Stopped by Curtis McElhinney without a rebound.
5:48 of 3rd period - Sean Couturier wins face-off versus John Tavares in Flames zone.
5:54 of 3rd period - Icing by Ben Chiarot.
5:55 of 3rd period - Jack Eichel wins face-off versus John Tavares in Flames zone.
6:33 of 3rd period - Icing by Ryan Pulock.
6:34 of 3rd period - Blake Wheeler wins face-off versus Jack Eichel in Blues zone.
7:20 of 3rd period - Off-side.
7:21 of 3rd period - Pavel Zacha wins face-off versus Christian Dvorak in neutral zone.
7:23 of 3rd period - Alec Martinez is hit by Jordan Staal and loses puck.
7:34 of 3rd period - Shot by Taylor Hall.
7:34 of 3rd period - Deflect By Brandon Tanev.
7:34 of 3rd period - Shot Misses the Net.
7:36 of 3rd period - Shot by Brandon Tanev.
7:36 of 3rd period - Shot Blocked by MacKenzie Weegar.
7:44 of 3rd period - Minor Penalty to Taylor Hall for Hooking.
7:45 of 3rd period - Blake Wheeler wins face-off versus Sean Couturier in Flames zone.
8:34 of 3rd period - Icing by Jack Eichel.
8:35 of 3rd period - Jack Eichel wins face-off versus Pavel Zacha in Blues zone.
8:48 of 3rd period - Shot by Seth Jones.
8:48 of 3rd period - Shot Misses the Net.
8:57 of 3rd period - Icing by Jack Eichel.
8:58 of 3rd period - Charlie Coyle wins face-off versus Jack Eichel in Blues zone.
8:59 of 3rd period - Shot by Brandon Tanev.
8:59 of 3rd period - Shot Misses the Net.
9:36 of 3rd period - Icing by Josh Bailey.
9:37 of 3rd period - Pavel Zacha wins face-off versus Sean Couturier in Blues zone.
9:47 of 3rd period - Icing by P.K. Subban.
9:48 of 3rd period - Sean Kuraly wins face-off versus Andrew Copp in Blues zone.
10:11 of 3rd period - Shot by Sean Kuraly.
10:11 of 3rd period - Stopped by Carter Hart without a rebound.
10:12 of 3rd period - John Tavares wins face-off versus Sean Couturier in Blues zone.
10:23 of 3rd period - Shot by Charlie Coyle.
10:23 of 3rd period - Stopped by Carter Hart with a rebound.
10:25 of 3rd period - Shot by Ben Chiarot.
10:25 of 3rd period - Stopped by Carter Hart with a rebound.
10:28 of 3rd period - Icing by Colin Miller.
10:29 of 3rd period - Sean Couturier wins face-off versus Blake Wheeler in Blues zone.
10:47 of 3rd period - Shot by Jared Spurgeon.
10:47 of 3rd period - Shot Blocked by MacKenzie Weegar.
10:57 of 3rd period - Icing by Jared Spurgeon.
10:58 of 3rd period - Christian Dvorak wins face-off versus Blake Wheeler in Flames zone.
11:11 of 3rd period - P.K. Subban is hit by Brady Tkachuk and loses puck.
12:02 of 3rd period - Shot by John Tavares.
12:02 of 3rd period - Stopped by Carter Hart with a rebound.
12:04 of 3rd period - Shot by Brayden McNabb.
12:04 of 3rd period - Shot Misses the Net.
12:20 of 3rd period - Shot by Zach Parise.
12:20 of 3rd period - Shot Misses the Net.
12:26 of 3rd period - Shot by John Tavares.
12:26 of 3rd period - Deflect By Charlie Coyle.
12:26 of 3rd period - Stopped by Carter Hart with a rebound.
12:28 of 3rd period - Shot by Charlie Coyle.
12:28 of 3rd period - Stopped by Carter Hart without a rebound.
12:29 of 3rd period - Sean Couturier wins face-off versus Pavel Zacha in Blues zone.
13:05 of 3rd period - Shot by Pavel Zacha.
13:05 of 3rd period - Stopped by Carter Hart with a rebound.
13:37 of 3rd period - Icing by Zach Parise.
13:38 of 3rd period - John Tavares wins face-off versus Jack Eichel in Flames zone.
13:45 of 3rd period - Shot by John Tavares.
13:45 of 3rd period - Deflect By Zach Parise.
13:45 of 3rd period - Shot Misses the Net.
13:51 of 3rd period - Shot by Zach Parise.
13:51 of 3rd period - Shot Misses the Net.
13:53 of 3rd period - Shot by Zach Parise.
13:53 of 3rd period - Stopped by Carter Hart with a rebound.
14:49 of 3rd period - Icing by Esa Lindell.
14:50 of 3rd period - Sean Couturier wins face-off versus Sean Kuraly in Flames zone.
15:10 of 3rd period - Taylor Hall is hit by P.K. Subban and loses puck.
15:21 of 3rd period - Shot by Brandon Tanev.
15:21 of 3rd period - Shot Hit the Post.
15:40 of 3rd period - Taylor Hall is hit by Sean Couturier.
16:04 of 3rd period - Shot by John Tavares.
16:04 of 3rd period - Shot Misses the Net.
16:06 of 3rd period - Shot by Zach Parise.
16:06 of 3rd period - Stopped by Carter Hart without a rebound.
16:07 of 3rd period - Christian Dvorak wins face-off versus Blake Wheeler in Blues zone.
17:05 of 3rd period - Shot by Jack Eichel.
17:05 of 3rd period - Stopped by Curtis McElhinney without a rebound.
17:06 of 3rd period - Pavel Zacha wins face-off versus Jack Eichel in Flames zone.
17:15 of 3rd period - Shot by Pavel Zacha.
17:15 of 3rd period - Shot Misses the Net.
17:24 of 3rd period - Ryan Pulock is hit by Alec Martinez and loses puck.
17:41 of 3rd period - Shot by Jack Eichel.
17:41 of 3rd period - Stopped by Curtis McElhinney without a rebound.
17:42 of 3rd period - John Tavares wins face-off versus Trevor Lewis in Flames zone.
17:56 of 3rd period - Icing by Ben Chiarot.
17:57 of 3rd period - John Tavares wins face-off versus Christian Dvorak in Flames zone.
18:30 of 3rd period - Shot by John Tavares.
18:30 of 3rd period - Stopped by Carter Hart without a rebound.
18:31 of 3rd period - Jack Eichel wins face-off versus Blake Wheeler in Blues zone.
18:35 of 3rd period - Off-side.
18:36 of 3rd period - Blake Wheeler wins face-off versus Jack Eichel in neutral zone.
18:36 of 3rd period - Blake Wheeler is hit by Mikko Rantanen.
18:55 of 3rd period - Shot by Tom Wilson.
18:55 of 3rd period - Shot Misses the Net.
18:57 of 3rd period - Shot by Esa Lindell.
18:57 of 3rd period - Stopped by Carter Hart without a rebound.
18:58 of 3rd period - Sean Couturier wins face-off versus Pavel Zacha in Blues zone.
19:00 of 3rd period - Icing by Seth Jones.
19:01 of 3rd period - John Tavares wins face-off versus Sean Couturier in Blues zone.
19:35 of 3rd period - Shot by Martin Necas.
19:35 of 3rd period - Shot Misses the Net.
Goals for this period are 1 for Flames vs 1 for Blues.
Shots for this period are 16 for Flames vs 9 for Blues.